 Dungeon Crawl Stone Soup version 0.30-a0-141-g30f27751c5 (webtiles) character file.

Game seed: 14225252956707638676

99824 qw the Severer (level 16, -14/104 HPs)
             Began as a Gargoyle Fighter on Sept 25, 2022.
             Was an Elder of Okawaru.
             Demolished by Donald
             ... wielding a +2 scimitar of protection
              (28 damage)
             ... on level 2 of the Orcish Mines.
             The game lasted 00:11:26 (23598 turns).

qw the Severer (Gargoyle Fighter)                  Turns: 23598, Time: 00:11:27

Health: -14/104    AC: 41    Str: 30    XL:     16   Next: 26%
Magic:  23/23      EV: 11    Int: 18    God:    Okawaru [****..]
Gold:   1380       SH: 18    Dex:  9    Spells: 15/15 levels left

rFire   + . .      SeeInvis +    F - +2 broad axe (chaos)
rCold   + . .      Faith    .    t - +0 kite shield
rNeg    + + .      Spirit   .    k - +8 chain mail "Garoakiw" {rPois rC- Str+3 Int+8}
rPois   inf        Reflect  +    j - +2 helmet {SInv}
rElec   +          Harm     .    e - scarf {rC+ rF+}
rCorr   .          Rampage  .    (no gloves)
Will    +....                    i - +2 pair of boots
Stlth   ..........               v - amulet of reflection
HPRegen 0.27/turn                p - +4 ring of slaying {mikee}
MPRegen 0.18/turn                q - ring of Zoigetat {rElec rC+ rN+ Slay+2}

@: about to teleport, heroic, flying
A: sickness immunity, AC +12, big wings, negative energy resistance 1,
electricity resistance, torment resistance 1, petrification resistance
a: Renounce Religion, Heroism, Finesse


You were on level 2 of the Orcish Mines.
You worshipped Okawaru.
Okawaru was greatly pleased with you.
You visited 4 branches of the dungeon, and saw 23 of its levels.
You also visited: Gauntlet.

You collected 2150 gold pieces.
You spent 770 gold pieces at shops.


Innate Abilities, Weirdness & Mutations

You are immune to sickness and miasma.
Your stone body is resilient. (AC +12)
You are immune to poison.
Your large and strong wings let you fly.
You resist negative energy. (rN+)
You are resistant to electric shocks. (rElec)
You are resistant to unholy torment.
You are immune to petrification.


   Skills:
 - Level 13.0(18.0) Fighting
 + Level 16.0(21.0) Axes
 - Level 7.0(12.0) Throwing
 - Level 12.0(17.0) Armour
 - Level 4.1(9.1) Dodging
 - Level 13.1(18.1) Shields
 - Level 10.0 Invocations


You had 15 spell levels left.
You didn't know any spells.
Your spell library was empty.

Inventory:

Hand Weapons
 y - a +3 hand axe of flaming
 F - a +2 broad axe of chaos (weapon)
Missiles
 l - 10 boomerangs
 m - a silver boomerang (quivered)
 A - 2 boomerangs of dispersal
Armour
 e - a scarf of resistance (worn)
 i - a +2 pair of boots (worn)
 j - a +2 helmet of see invisible (worn)
 k - the +8 chain mail "Garoakiw" (worn) {rPois rC- Str+3 Int+8}
   (Okawaru gifted it to you on level 15 of the Dungeon)

   Str:       It affects your strength (+3).
   Int:       It affects your intelligence (+8).
   rC:        It makes you vulnerable to cold.
   rPois:     It protects you from poison.
 n - the +2 ratskin cloak {*Rats rPois rN+ Str-1 Int-1 Dex+1}
   (You found it on level 3 of the Dungeon)

   When the wearer is hurt, rats may emerge from it to assist them.
   Str:       It affects your strength (-1).
   Int:       It affects your intelligence (-1).
   Dex:       It affects your dexterity (+1).
   rPois:     It protects you from poison.
   rN:        It protects you from negative energy.
 o - a +1 plate armour
 t - a +0 kite shield (worn)
 E - the +1 plate armour of Pan-Flutes {rF+ rC- Dex+3 Stlth+}
   (Okawaru gifted it to you on level 12 of the Dungeon)

   Dex:       It affects your dexterity (+3).
   rF:        It protects you from fire.
   rC:        It makes you vulnerable to cold.
   Stlth:     It makes you more stealthy.
 I - a +2 cloak
 J - a +1 chain mail of cold resistance
Jewellery
 c - a +6 ring of strength
 h - a ring of resist corrosion
 p - a +4 ring of slaying (left hand) {mikee}
 q - the ring of Zoigetat (right hand) {rElec rC+ rN+ Slay+2}
   (You acquired it on level 7 of the Dungeon)

   [ring of protection from cold]

   Slay:      It affects your accuracy & damage with ranged weapons and melee
   (+2).
   rC:        It protects you from cold.
   rElec:     It insulates you from electricity.
   rN:        It protects you from negative energy.
 v - an amulet of reflection (around neck)
 C - a ring of resist corrosion
Scrolls
 a - 16 scrolls of identify
 r - 12 scrolls of teleportation
Potions
 b - 5 potions of resistance
 d - 5 potions of might
 f - 3 potions of mutation
 g - 15 potions of curing
 s - 4 potions of cancellation
 u - 3 potions of heal wounds
 w - 4 potions of attraction
 x - 3 potions of haste
 z - a potion of magic

Dungeon Overview and Level Annotations

Branches:
Dungeon (15/15)            Temple (1/1) D:5            Lair (5/5) D:8
 Shoals (0/4) Lair:2        Snake (0/4) Lair:3        Slime (0/5) Lair:5
    Orc (2/2) D:12         Vaults (0/5) D:13         Depths (0/4) D:15
Gauntlet (visited)
    Elf: Orc:2

Altars:
Ashenzari
Cheibriados
Dithmenos
Elyvilon
Fedhas
Gozag
Hepliaklqana
Kikubaaqudgha
Makhleb
Nemelex Xobeh
Okawaru
Qazlal
Ru
Sif Muna
Trog
Uskayaw
Vehumet
Wu Jian
Xom
Yredelemnul
Zin
The Shining One
Jiyva

Shops:
D:2 (   D:4 :   D:6 **   D:10 ?   D:15 !

Portals:
Trove: D:12 (give 2 scrolls of acquirement)

Annotations:
D:5 1 runed translucent door, Crazy Yiuf
Lair:3 4 transporters, qw's ghost, journeyman GrFi
Orc:2 Donald


Message History

You barely miss the orc.
Donald hits you with a +2 scimitar of protection.
The orc warrior throws a boomerang.
You reflect the boomerang off an invisible shield around you!
The boomerang hits the orc warrior.
You slash Donald!
Donald is moderately wounded.
You slash the ogre! You barely miss the orc. Donald closely misses you.
You block the ogre's attack.
The orc priest begins to cast a cantrip, but forgets the words!
The orc hits you but does no damage.
The orc warrior throws a boomerang.
You reflect the boomerang off an invisible shield around you!
The boomerang barely misses the orc warrior.
You slash the ogre! You burn the ogre.
The ogre is almost dead.
You barely miss the orc. Donald blocks your attack.
Donald says, "I hate you, too."
Donald hits you with a +2 scimitar of protection!!
Donald hits you with a +2 scimitar of protection.
You block the orc's attack. You block the orc warrior's attack.
You slash the ogre!
You kill the ogre!
Okawaru accepts your kill.
You hit the orc. You burn the orc. You closely miss the orc.
Donald blocks your attack.
Donald hits you with a +2 scimitar of protection!!
You slash the orc! You burn the orc.
You kill the orc!
You slice the orc!!
You kill the orc!
Donald blocks your attack.
The orc warrior throws a boomerang.
You reflect the boomerang off an invisible shield around you!
The boomerang hits the orc warrior.
Donald hits you with a +2 scimitar of protection!!
23598 ||| READING 13 scrolls of teleportation.
As you read the scroll of teleportation, it crumbles to dust.
You feel strangely unstable.
Donald hits you with a +2 scimitar of protection!!
You die...

................#}.
................##.
.......<.........##
..................#
...................
..........#........
.#...............#
..)...#o.......##
.....oo@.........
.....$)@)...##...
.............# ..
...#.)......##
.#..#......##
..........#
..........##
........###


You could see Donald (fast, strong, reflecting), an orc warrior, an orc priest
and an orc.

Vanquished Creatures
  Jorgrun (D:15)
  Frances (D:12)
  A dire elephant (Gauntlet)
  A minotaur (Gauntlet)
  Snorg (D:11)
  A blizzard demon (Gauntlet)
  2 fire dragons
  Harold (D:11)
  An ice dragon (D:15)
  3 hydras
  A rakshasa (D:13)
  A catoblepas (Gauntlet)
  10 two-headed ogres
  2 ogre magi
  4 boulder beetles
  Erica (Lair:1)
  4 centaur warriors
  15 death yaks
  3 tengu warriors
  An orc high priest (Orc:1)
  Amaemon (Lair:2)
  Pikel (D:8)
  3 deep elf pyromancers
  17 ugly things
  An orc sorcerer (D:12)
  6 cyclopes
  2 orc knights (Orc:1)
  2 manticores
  Maurice (D:9)
  15 elephants
  5 black mambas
  An orange demon (Lair:2)
  4 molten gargoyles (D:9)
  3 gargoyles
  15 cane toads
  An unseen horror (D:12)
  2 efreet (D:15)
  2 rime drakes (D:11)
  A freezing wraith (D:14)
  5 yaktaurs (D:15)
  14 komodo dragons
  3 meliai (D:14)
  8 trolls
  5 hornets
  4 polar bears (Lair:5)
  15 blink frogs
  A dream sheep (Lair:5)
  14 slime creatures
  A ynoxinul (Gauntlet)
  Sigmund (D:5)
  2 shadows
  2 vampires
  12 spriggans (Lair:5)
  2 wyverns (Lair:1)
  A wraith (D:12)
  25 yaks
  A basilisk (shapeshifter) (D:15)
  3 steam dragons
  8 basilisks
  8 vampire mosquitoes
  A two-headed ogre zombie (D:12)
  7 wargs
  An acid dragon (D:9)
  4 nagas (Lair:3)
  2 hell hounds (Lair:1)
  11 water moccasins
  Duvessa (D:4)
  19 orc warriors
  4 sky beasts
  4 black bears
  2 ice beasts
  7 boggarts
  6 ogres
  8 centaurs
  31 wolves
  4 phantoms
  2 kobold brigands
  6 bullfrogs
  2 scorpions
  3 gnoll sergeants
  3 necrophages (D:6)
  4 wights (D:10)
  Dowan (D:4)
  A troll zombie (D:12)
  4 howler monkeys
  A lava snake (D:9)
  5 jellies
  A quasit (D:5)
  2 hounds (D:5)
  14 orc priests
  2 iron imps (Gauntlet)
  Ijyb (D:3)
  Jessica (D:3)
  6 iguanas
  Natasha (D:4)
  23 orc wizards
  6 hell rats (Lair:4)
  6 ogre zombies (D:12)
  21 gnolls
  5 adders
  9 river rats (D:7)
  2 shadow imps (D:5)
  5 white imps
  4 ufetubi
  A dart slug (D:2)
  74 orcs
  9 endoplasms
  A giant cockroach (D:1)
  6 goblins
  8 hobgoblins
  18 kobolds
  7 quokkas
  3 ball pythons
  2 bats
  5 frilled lizards (D:1)
  3 goblin skeletons (D:12)
  4 goblin zombies (D:12)
  2 hobgoblin zombies (D:12)
  An orc skeleton (D:12)
  15 orc zombies (D:12)
  23 rats
708 creatures vanquished.

Vanquished Creatures (others)
  A boggart (D:14)
  3 demonic plants
  23 fungi
  29 plants
56 creatures vanquished.

Grand Total: 764 creatures vanquished

Notes
Turn   | Place    | Note
-------+----------+-------------------------------------------
     0 | D:1      | qw the Gargoyle Fighter began the quest for the Orb.
     0 | D:1      | Reached XP level 1. HP: 14/14 MP: 1/1
     0 | D:1      | 0 ||| qw: Version: 0.2-a-10-g399e6c4
     0 | D:1      | 0 ||| qw: Game counter: 110
     0 | D:1      | 0 ||| qw: Always use a shield: true
     0 | D:1      | 0 ||| qw: God list: Okawaru
     0 | D:1      | 0 ||| qw: Allow faded altars: false
     0 | D:1      | 0 ||| qw: Do Orc after D:15 true
     0 | D:1      | 0 ||| qw: Do second Lair branch before Depths: true
     0 | D:1      | 0 ||| qw: Lair rune preference: random
     0 | D:1      | 0 ||| qw: Plans: Normal, Zot:1-4, God:TSO, Crypt, Tomb,
                  | Pan, Slime:5, Hells, Abyss, Orb
     0 | D:1      | 0 ||| PLANNING D:1-11
   238 | D:1      | Reached skill level 2 in Axes
   373 | D:1      | Reached XP level 2. HP: 19/19 MP: 2/2
   823 | D:1      | 823 ||| READING 4 scrolls labelled KYDOHO TAQUIFI.
   824 | D:1      | 824 ||| READING scroll labelled REB UCSETULUUSK.
   825 | D:1      | 825 ||| READING 3 scrolls of identify.
   825 | D:1      | 825 ||| IDENTIFYING white potion
   826 | D:1      | 826 ||| READING 2 scrolls of identify.
   826 | D:1      | 826 ||| IDENTIFYING purple potion
   827 | D:1      | 827 ||| DROPPING potion of brilliance.
   866 | D:2      | Reached skill level 3 in Axes
   923 | D:2      | 923 ||| Stepping ~*~*~tactically~*~*~ (stealth).
   927 | D:2      | Reached XP level 3. HP: 23/23 MP: 3/3
  1137 | D:2      | Found a radiant altar of Vehumet.
  1138 | D:2      | 1138 ||| Stepping ~*~*~tactically~*~*~ (hiding).
  1301 | D:2      | Found Noigi's Weapon Shoppe.
  1351 | D:2      | 1351 ||| UPGRADING to +0 pair of boots.
  1356 | D:2      | 1356 ||| READING scroll labelled FUPUXA JEOXEG.
  1410 | D:2      | 1410 ||| DRINKING 2 glowing pink potions.
  1411 | D:2      | 1411 ||| READING 4 scrolls of identify.
  1411 | D:2      | 1411 ||| IDENTIFYING cyan potion
  1412 | D:2      | 1412 ||| READING 3 scrolls of identify.
  1412 | D:2      | 1412 ||| IDENTIFYING fuming dark potion
  1413 | D:2      | 1413 ||| DROPPING potion of berserk rage.
  1557 | D:3      | Noticed Ijyb
  1570 | D:3      | Reached skill level 4 in Axes
  1570 | D:3      | Reached XP level 4. HP: 14/28 MP: 4/4
  1570 | D:3      | HP: 7/28 [Ijyb/puff of flame (7)]
  1571 | D:3      | 1571 ||| DRINKING potion of heal wounds.
  1576 | D:3      | Killed Ijyb
  1638 | D:3      | Reached XP level 5. HP: 16/32 MP: 5/5
  1739 | D:3      | 1739 ||| FLEEEEING.
  1740 | D:3      | 1740 ||| FLEEEEING.
  1741 | D:3      | 1741 ||| FLEEEEING.
  1742 | D:3      | 1742 ||| FLEEEEING.
  1744 | D:3      | 1744 ||| FLEEEEING.
  1745 | D:3      | 1745 ||| FLEEEEING.
  1746 | D:3      | 1746 ||| FLEEEEING.
  1754 | D:3      | 1754 ||| FLEEEEING.
  1755 | D:3      | 1755 ||| FLEEEEING.
  1756 | D:3      | 1756 ||| FLEEEEING.
  1759 | D:3      | 1759 ||| FLEEEEING.
  1764 | D:3      | 1764 ||| FLEEEEING.
  1765 | D:3      | 1765 ||| FLEEEEING.
  1766 | D:3      | 1766 ||| FLEEEEING.
  1767 | D:3      | 1767 ||| FLEEEEING.
  1768 | D:3      | 1768 ||| FLEEEEING.
  1769 | D:3      | 1769 ||| FLEEEEING.
  1770 | D:3      | 1770 ||| FLEEEEING.
  1771 | D:3      | 1771 ||| FLEEEEING.
  1775 | D:3      | 1775 ||| STAIRDANCE
  1821 | D:2      | 1821 ||| UPGRADING to scarf of resistance.
  1826 | D:2      | 1826 ||| UPGRADING to ring of resist corrosion.
  1857 | D:3      | 1857 ||| Stepping ~*~*~tactically~*~*~ (stealth).
  1860 | D:3      | 1860 ||| Stepping ~*~*~tactically~*~*~ (stealth).
  2087 | D:3      | Found a stormy altar of Qazlal.
  2088 | D:3      | 2088 ||| DROPPING +0 club.
  2165 | D:3      | Reached skill level 5 in Axes
  2500 | D:3      | Noticed Jessica
  2502 | D:3      | Found a shimmering blue altar of Sif Muna.
  2506 | D:3      | Killed Jessica
  2512 | D:3      | Found a snail-covered altar of Cheibriados.
  2515 | D:3      | Found a hide-covered altar of Uskayaw.
  2545 | D:3      | Found the +2 ratskin cloak {*Rats rPois rN+ Str-1 Int-1
                  | Dex+1}
  2640 | D:3      | 2640 ||| UPGRADING to +0 plate armour.
  2650 | D:3      | 2650 ||| DROPPING +0 scale mail.
  2651 | D:3      | 2651 ||| READING scroll labelled ALAIWK AHOY.
  2652 | D:3      | 2652 ||| READING scroll labelled GYDITSUNNU.
  2691 | D:4      | 2691 ||| Stepping ~*~*~tactically~*~*~ (stealth).
  2692 | D:4      | 2692 ||| Stepping ~*~*~tactically~*~*~ (stealth).
  2693 | D:4      | 2693 ||| Stepping ~*~*~tactically~*~*~ (stealth).
  2773 | D:4      | 2773 ||| Stepping ~*~*~tactically~*~*~ (stealth).
  2783 | D:4      | Reached XP level 6. HP: 38/38 MP: 6/6
  2850 | D:4      | 2850 ||| Stepping ~*~*~tactically~*~*~ (stealth).
  2872 | D:4      | 2872 ||| Stepping ~*~*~tactically~*~*~ (stealth).
  2876 | D:4      | 2876 ||| FLEEEEING.
  2877 | D:4      | 2877 ||| FLEEEEING.
  2878 | D:4      | 2878 ||| FLEEEEING.
  2879 | D:4      | 2879 ||| FLEEEEING.
  2880 | D:4      | 2880 ||| FLEEEEING.
  2979 | D:4      | 2979 ||| Stepping ~*~*~tactically~*~*~ (hiding).
  2981 | D:4      | 2981 ||| Stepping ~*~*~tactically~*~*~ (hiding).
  3030 | D:4      | Noticed Duvessa
  3033 | D:4      | Noticed Dowan
  3034 | D:4      | 3034 ||| Stepping ~*~*~tactically~*~*~ (stealth).
  3036 | D:4      | 3036 ||| Stepping ~*~*~tactically~*~*~ (stealth).
  3055 | D:4      | Killed Duvessa
  3056 | D:4      | Reached skill level 6 in Axes
  3056 | D:4      | Reached XP level 7. HP: 17/43 MP: 7/7
  3056 | D:4      | 3056 ||| Stepping ~*~*~tactically~*~*~ (hiding).
  3058 | D:4      | 3058 ||| Stepping ~*~*~tactically~*~*~ (hiding).
  3065 | D:4      | HP: 9/43 [Dowan/+0 dagger (2)]
  3066 | D:4      | Killed Dowan
  3577 | D:4      | Noticed Natasha
  3582 | D:4      | Killed Natasha
  3689 | D:4      | Found Cusuomuh's Book Boutique.
  3721 | D:4      | Found a sacrificial altar of Ru.
  3759 | D:4      | 3759 ||| UPGRADING to +0 helmet.
  3764 | D:4      | 3764 ||| UPGRADING to amulet of guardian spirit.
  3769 | D:4      | 3769 ||| READING scroll labelled XUJEPLI YGHO.
  3770 | D:4      | 3770 ||| READING 6 scrolls of identify.
  3770 | D:4      | 3770 ||| IDENTIFYING amethyst potion
  3771 | D:4      | 3771 ||| DROPPING potion of degeneration.
  3796 | D:5      | Entered Level 5 of the Dungeon
  3994 | D:5      | Reached skill level 7 in Axes
  4014 | D:5      | 4014 ||| Stepping ~*~*~tactically~*~*~ (stealth).
  4016 | D:5      | 4016 ||| Stepping ~*~*~tactically~*~*~ (stealth).
  4018 | D:5      | 4018 ||| Stepping ~*~*~tactically~*~*~ (stealth).
  4027 | D:5      | 4027 ||| Stepping ~*~*~tactically~*~*~ (hiding).
  4102 | D:5      | Found a staircase to the Ecumenical Temple.
  4103 | D:5      | 4103 ||| PLANNING TEMPLE
  4103 | D:5      | 4103 ||| Stepping ~*~*~tactically~*~*~ (stealth).
  4104 | D:5      | 4104 ||| Stepping ~*~*~tactically~*~*~ (stealth).
  4115 | D:5      | Reached XP level 8. HP: 43/50 MP: 5/8
  4184 | D:5      | Found a runed translucent door.
  4185 | D:5      | Noticed Crazy Yiuf
  4241 | D:5      | Noticed Sigmund
  4248 | D:5      | Killed Sigmund
  4335 | D:5      | 4335 ||| Stepping ~*~*~tactically~*~*~ (hiding).
  4336 | D:5      | 4336 ||| Stepping ~*~*~tactically~*~*~ (hiding).
  4470 | D:5      | 4470 ||| Stepping ~*~*~tactically~*~*~ (stealth).
  4475 | D:5      | Reached skill level 1 in Dodging
  4850 | D:5      | 4850 ||| Stepping ~*~*~tactically~*~*~ (stealth).
  5110 | D:5      | 5110 ||| DROPPING orb of wrath.
  5111 | D:5      | 5111 ||| READING 3 scrolls labelled YMARUIGREZ.
  5135 | D:5      | 5135 ||| READING 6 scrolls of identify.
  5135 | D:5      | 5135 ||| IDENTIFYING sapphire potion
  5136 | D:5      | 5136 ||| READING 5 scrolls of identify.
  5136 | D:5      | 5136 ||| IDENTIFYING bubbling orange potion
  5137 | D:5      | 5137 ||| READING 4 scrolls of identify.
  5137 | D:5      | 5137 ||| IDENTIFYING metallic green potion
  5138 | D:5      | 5138 ||| DROPPING potion of magic.
  5220 | D:6      | 5220 ||| DROPPING +0 flail.
  5317 | D:6      | Reached skill level 8 in Axes
  5385 | D:6      | 5385 ||| PLANNING TEMPLE
  5396 | D:6      | Reached skill level 6 in Fighting
  5483 | D:6      | Reached XP level 9. HP: 52/55 MP: 9/9
  5638 | D:6      | 5638 ||| Stepping ~*~*~tactically~*~*~ (hiding).
  5658 | D:6      | Found Erel's Specific Store.
  5659 | D:6      | Found Iciugywu's General Store.
  5668 | D:6      | 5668 ||| BUYING potion of attraction (36 gold).
  5668 | D:6      | Bought a potion of attraction for 36 gold pieces
  5668 | D:6      | 5668 ||| BUYING scroll of enchant armour (90 gold).
  5668 | D:6      | Bought a scroll of enchant armour for 90 gold pieces
  5668 | D:6      | 5668 ||| BUYING scroll of identify (24 gold).
  5668 | D:6      | Bought a scroll of identify for 24 gold pieces
  5668 | D:6      | 5668 ||| BUYING scroll of teleportation (36 gold).
  5668 | D:6      | Bought a scroll of teleportation for 36 gold pieces
  5668 | D:6      | 5668 ||| READING scroll of enchant armour.
  5668 | D:6      | 5668 ||| ENCHANTING +0 helmet.
  6066 | D:6      | 6066 ||| UPGRADING to +2 helmet of see invisible.
  6076 | D:6      | 6076 ||| DROPPING +1 helmet.
  6077 | D:6      | 6077 ||| UPGRADING to amulet of reflection.
  6087 | D:6      | 6087 ||| DROPPING amulet of guardian spirit.
  6088 | D:6      | 6088 ||| READING 4 scrolls of identify.
  6088 | D:6      | 6088 ||| IDENTIFYING bubbling brown potion
  6089 | D:6      | 6089 ||| DROPPING potion of flight.
  6141 | D:7      | Reached skill level 9 in Axes
  6142 | D:7      | 6142 ||| PLANNING TEMPLE
  6268 | Temple   | Entered the Ecumenical Temple
  6269 | Temple   | 6269 ||| PLANNING OKAWARU WORSHIP
  6392 | Temple   | Became a worshipper of Warmaster Okawaru
  6393 | Temple   | 6393 ||| PLANNING D:1-11
  6428 | D:7      | 6428 ||| STAIRDANCE
  6454 | D:7      | 6454 ||| STAIRDANCE
  6533 | D:7      | Noticed a gargoyle
  6547 | D:7      | Killed a gargoyle
  6548 | D:7      | Reached skill level 6 in Armour
  6736 | D:7      | Noticed a hornet
  6738 | D:7      | 6738 ||| PLANNING D:1-11
  6738 | D:7      | 6738 ||| Stepping ~*~*~tactically~*~*~ (stealth).
  6752 | D:7      | Killed a hornet
  6752 | D:7      | Reached * piety under Okawaru
  6792 | D:7      | 6792 ||| Stepping ~*~*~tactically~*~*~ (stealth).
  6793 | D:7      | 6793 ||| Stepping ~*~*~tactically~*~*~ (stealth).
  6795 | D:7      | 6795 ||| Stepping ~*~*~tactically~*~*~ (stealth).
  6811 | D:7      | 6811 ||| Stepping ~*~*~tactically~*~*~ (stealth).
  6973 | D:7      | Reached skill level 1 in Invocations
  7058 | D:7      | Found a broken altar of Ashenzari.
  7217 | D:8      | 7217 ||| Stepping ~*~*~tactically~*~*~ (stealth).
  7219 | D:8      | 7219 ||| Stepping ~*~*~tactically~*~*~ (hiding).
  7225 | D:8      | 7225 ||| INVOKING Heroism.
  7243 | D:8      | Reached skill level 3 in Invocations
  7243 | D:8      | Reached XP level 10. HP: 63/63 MP: 9/12
  7277 | D:8      | 7277 ||| Stepping ~*~*~tactically~*~*~ (stealth).
  7280 | D:8      | 7280 ||| Stepping ~*~*~tactically~*~*~ (hiding).
  7300 | D:8      | 7300 ||| DROPPING +0 flail of venom.
  7302 | D:8      | Found a staircase to the Lair.
  7368 | D:8      | Noticed Pikel
  7369 | D:8      | 7369 ||| Stepping ~*~*~tactically~*~*~ (stealth).
  7395 | D:8      | 7395 ||| INVOKING Heroism.
  7398 | D:8      | Killed Pikel
  7398 | D:8      | Reached ** piety under Okawaru
  7607 | D:8      | 7607 ||| INVOKING Heroism.
  7624 | D:8      | Reached skill level 10 in Axes
  7868 | D:8      | 7868 ||| Stepping ~*~*~tactically~*~*~ (stealth).
  7883 | D:8      | 7883 ||| READING scroll of enchant armour.
  7883 | D:8      | 7883 ||| ENCHANTING +0 pair of boots.
  7891 | D:8      | 7891 ||| Stepping ~*~*~tactically~*~*~ (stealth).
  7893 | D:8      | 7893 ||| Stepping ~*~*~tactically~*~*~ (hiding).
  7897 | D:8      | 7897 ||| INVOKING Heroism.
  7932 | D:8      | 7932 ||| FLEEEEING.
  7933 | D:8      | 7933 ||| FLEEEEING.
  7934 | D:8      | 7934 ||| STAIRDANCE
  7986 | D:7      | 7986 ||| READING scroll labelled YFRINK XIME.
  7986 | D:7      | Identified a scroll of acquirement
  7986 | D:7      | 7986 ||| ACQUIRING ring of Zoigetat {rElec rC+ rN+ Slay+2}
  7986 | D:7      | Acquired the ring of Zoigetat {rElec rC+ rN+ Slay+2}
  7988 | D:7      | 7988 ||| UPGRADING to ring of Zoigetat {rElec rC+ rN+
                  | Slay+2}.
  7989 | D:7      | 7989 ||| UPGRADING to +2 ratskin cloak {*Rats rPois rN+
                  | Str-1 Int-1 Dex+1}.
  7999 | D:7      | 7999 ||| READING scroll labelled LEDEUCALUUWK.
  8002 | D:8      | 8002 ||| STAIRDANCE
  8007 | D:8      | 8007 ||| STAIRDANCE
  8012 | D:8      | 8012 ||| STAIRDANCE
  8030 | D:8      | 8030 ||| STAIRDANCE
  8059 | D:8      | Found an ancient bone altar of Kikubaaqudgha.
  8211 | D:8      | 8211 ||| INVOKING Heroism.
  8352 | D:8      | Noticed a two-headed ogre
  8353 | D:8      | 8353 ||| INVOKING Heroism.
  8360 | D:8      | Killed a two-headed ogre
  8576 | D:8      | 8576 ||| PLANNING LAIR
  8576 | D:8      | 8576 ||| READING scroll labelled AMASOBREMALA.
  8677 | D:8      | 8677 ||| READING scroll labelled QOSEOG QEEJEN.
  8712 | Lair:1   | Entered Level 1 of the Lair of Beasts
  8716 | Lair:1   | 8716 ||| INVOKING Heroism.
  8726 | Lair:1   | Noticed a cane toad
  8738 | Lair:1   | Reached *** piety under Okawaru
  8740 | Lair:1   | Killed a cane toad
  8744 | Lair:1   | Noticed a black mamba
  8745 | Lair:1   | 8745 ||| INVOKING Heroism.
  8754 | Lair:1   | Killed a black mamba
  8755 | Lair:1   | Reached XP level 11. HP: 33/68 MP: 12/14
  8998 | Lair:1   | Noticed an oklob plant
  8999 | Lair:1   | 8999 ||| INVOKING Heroism.
  9013 | Lair:1   | Noticed an oklob plant
  9070 | Lair:1   | 9070 ||| READING scroll of enchant armour.
  9070 | Lair:1   | 9070 ||| ENCHANTING +1 pair of boots.
  9148 | Lair:1   | Reached skill level 3 in Throwing
  9243 | Lair:1   | 9243 ||| Stepping ~*~*~tactically~*~*~ (hiding).
  9244 | Lair:1   | 9244 ||| Stepping ~*~*~tactically~*~*~ (hiding).
  9255 | Lair:1   | 9255 ||| INVOKING Heroism.
  9270 | Lair:1   | Reached **** piety under Okawaru
  9271 | Lair:1   | Reached skill level 11 in Axes
  9336 | Lair:1   | 9336 ||| INVOKING Heroism.
  9607 | Lair:1   | Noticed Erica
  9608 | Lair:1   | 9608 ||| Stepping ~*~*~tactically~*~*~ (hiding).
  9609 | Lair:1   | 9609 ||| Stepping ~*~*~tactically~*~*~ (hiding).
  9610 | Lair:1   | 9610 ||| INVOKING Heroism.
  9614 | Lair:1   | 9614 ||| DRINKING 5 potions of curing.
  9614 | Lair:1   | 9614 ||| (to cure confusion)
  9618 | Lair:1   | 9618 ||| DRINKING 4 potions of curing.
  9618 | Lair:1   | 9618 ||| (to cure confusion)
  9628 | Lair:1   | Killed Erica
  9629 | Lair:1   | Reached skill level 9 in Fighting
  9629 | Lair:1   | Reached skill level 6 in Invocations
  9779 | Lair:1   | 9779 ||| INVOKING Heroism.
  9883 | Lair:1   | 9883 ||| INVOKING Heroism.
  9892 | Lair:1   | Reached ***** piety under Okawaru
 10101 | Lair:1   | 10101 ||| INVOKING Heroism.
 10341 | Lair:1   | 10341 ||| UPGRADING to +4 ring of slaying {mikee}.
 10361 | Lair:2   | 10361 ||| INVOKING Heroism.
 10365 | Lair:2   | 10365 ||| STAIRDANCE
 10409 | Lair:2   | 10409 ||| STAIRDANCE
 10411 | Lair:1   | 10411 ||| INVOKING Heroism.
 10510 | Lair:2   | 10510 ||| STAIRDANCE
 10581 | Lair:2   | 10581 ||| STAIRDANCE
 10827 | Lair:2   | 10827 ||| Stepping ~*~*~tactically~*~*~ (hiding).
 10889 | Lair:2   | 10889 ||| INVOKING Heroism.
 10901 | Lair:2   | Reached XP level 12. HP: 58/76 MP: 16/18
 11248 | Lair:2   | Noticed Amaemon
 11250 | Lair:2   | 11250 ||| INVOKING Heroism.
 11256 | Lair:2   | Killed Amaemon
 11264 | Lair:2   | Reached skill level 12 in Axes
 11302 | Lair:2   | 11302 ||| DROPPING +2 morningstar of protection.
 11383 | Lair:2   | Found a staircase to the Shoals.
 11386 | Lair:2   | 11386 ||| INVOKING Heroism.
 11398 | Lair:2   | Reached skill level 9 in Invocations
 11502 | Lair:2   | 11502 ||| INVOKING Heroism.
 11507 | Lair:2   | Received a gift from Okawaru
 11514 | Lair:2   | Reached skill level 9 in Armour
 11920 | Lair:2   | 11920 ||| DROPPING +0 pair of boots of rampaging.
 11957 | Lair:3   | 11957 ||| PLANNING GAUNTLET
 11999 | Lair:3   | 11999 ||| INVOKING Heroism.
 12132 | Lair:3   | Found a gate leading to a gauntlet.
 12141 | Gauntlet | Entered a Gauntlet
 12141 | Gauntlet | Found a transporter.
 12150 | Gauntlet | Found a transporter.
 12153 | Gauntlet | Found a transporter.
 12154 | Gauntlet | Found a transporter.
 12161 | Gauntlet | Noticed a catoblepas
 12162 | Gauntlet | Found a transporter.
 12165 | Gauntlet | Found a transporter.
 12166 | Gauntlet | Found a transporter.
 12168 | Gauntlet | Noticed a blizzard demon
 12175 | Gauntlet | Found a transporter.
 12178 | Gauntlet | Found a transporter.
 12179 | Gauntlet | Found a transporter.
 12183 | Gauntlet | Found a runed translucent door.
 12184 | Gauntlet | Noticed a dire elephant
 12185 | Gauntlet | Found a runed translucent door.
 12187 | Gauntlet | Found a transporter.
 12190 | Gauntlet | Found a transporter.
 12191 | Gauntlet | Found a transporter.
 12197 | Gauntlet | Noticed a hell beast
 12199 | Gauntlet | Found a transporter.
 12287 | Gauntlet | 12287 ||| INVOKING Heroism.
 12289 | Gauntlet | Reached skill level 6 in Shields
 12354 | Gauntlet | 12354 ||| INVOKING Heroism.
 12355 | Gauntlet | 12355 ||| INVOKING Finesse.
 12367 | Gauntlet | Killed a catoblepas
 12367 | Gauntlet | Received a gift from Okawaru
 12540 | Gauntlet | 12540 ||| INVOKING Heroism.
 12541 | Gauntlet | Killed a blizzard demon
 12544 | Gauntlet | 12544 ||| Stepping ~*~*~tactically~*~*~ (cloud).
 12700 | Gauntlet | 12700 ||| Stepping randomly (stuck).
 12701 | Gauntlet | 12701 ||| Stepping randomly (stuck).
 12702 | Gauntlet | 12702 ||| Stepping randomly (stuck).
 12703 | Gauntlet | 12703 ||| INVOKING Heroism.
 12716 | Gauntlet | Killed a dire elephant
 12851 | Gauntlet | 12851 ||| DROPPING amulet of faith.
 12862 | Gauntlet | 12862 ||| DROPPING amulet of magic regeneration.
 12876 | Gauntlet | Identified the ring "Qagrohi" {Wiz rPois Str-5 Dex+4 SInv}
 12876 | Gauntlet | Noticed a minotaur
 12877 | Gauntlet | 12877 ||| INVOKING Heroism.
 12878 | Gauntlet | 12878 ||| INVOKING Finesse.
 12889 | Gauntlet | Killed a minotaur
 12962 | Lair:3   | 12962 ||| PLANNING LAIR
 13050 | Lair:3   | 13050 ||| INVOKING Heroism.
 13093 | Lair:3   | 13093 ||| FLEEEEING.
 13096 | Lair:3   | 13096 ||| FLEEEEING.
 13097 | Lair:3   | 13097 ||| FLEEEEING.
 13098 | Lair:3   | 13098 ||| FLEEEEING.
 13099 | Lair:3   | 13099 ||| FLEEEEING.
 13100 | Lair:3   | 13100 ||| FLEEEEING.
 13101 | Lair:3   | 13101 ||| FLEEEEING.
 13102 | Lair:3   | 13102 ||| FLEEEEING.
 13103 | Lair:3   | 13103 ||| FLEEEEING.
 13104 | Lair:3   | 13104 ||| STAIRDANCE
 13146 | Lair:2   | 13146 ||| READING scroll labelled RUF TUNYNTYHI.
 13207 | Lair:3   | 13207 ||| INVOKING Heroism.
 13225 | Lair:3   | Found a staircase to the Snake Pit.
 13227 | Lair:3   | Found a transporter.
 13297 | Lair:3   | Found a transporter.
 13379 | Lair:3   | 13379 ||| Stepping ~*~*~tactically~*~*~ (stealth).
 13423 | Lair:3   | 13423 ||| SWAPPING to +4 vampiric hand axe.
 13464 | Lair:3   | 13464 ||| Stepping ~*~*~tactically~*~*~ (stealth).
 13465 | Lair:3   | 13465 ||| INVOKING Heroism.
 13466 | Lair:3   | 13466 ||| Stepping ~*~*~tactically~*~*~ (stealth).
 13467 | Lair:3   | 13467 ||| Stepping ~*~*~tactically~*~*~ (stealth).
 13469 | Lair:3   | 13469 ||| Stepping ~*~*~tactically~*~*~ (stealth).
 13476 | Lair:3   | Reached XP level 13. HP: 83/83 MP: 18/20
 13482 | Lair:3   | Received a gift from Okawaru
 13497 | Lair:3   | Reached skill level 13 in Axes
 13533 | Lair:3   | Noticed qw's ghost (journeyman GrFi)
 13543 | Lair:3   | Found a transporter.
 13769 | Lair:3   | Found a transporter.
 13797 | Lair:3   | 13797 ||| READING scroll labelled TIAPUT RIMU.
 13798 | Lair:3   | 13798 ||| READING scroll labelled TIHIROJUFI.
 13975 | Lair:4   | Received a gift from Okawaru
 14000 | Lair:4   | 14000 ||| INVOKING Heroism.
 14001 | Lair:4   | 14001 ||| INVOKING Finesse.
 14002 | Lair:4   | 14002 ||| SWAPPING to +1 demon whip of venom.
 14011 | Lair:4   | 14011 ||| SWAPPING to +4 vampiric hand axe.
 14144 | Lair:4   | 14144 ||| INVOKING Heroism.
 14203 | Lair:4   | 14203 ||| INVOKING Heroism.
 14204 | Lair:4   | 14204 ||| INVOKING Finesse.
 14297 | Lair:4   | 14297 ||| INVOKING Heroism.
 14298 | Lair:4   | 14298 ||| INVOKING Finesse.
 14300 | Lair:4   | 14300 ||| SWAPPING to +1 demon whip of venom.
 14307 | Lair:4   | 14307 ||| SWAPPING to +4 vampiric hand axe.
 14652 | Lair:4   | 14652 ||| DROPPING amulet of the acrobat.
 14682 | Lair:5   | Entered Level 5 of the Lair of Beasts
 14683 | Lair:5   | 14683 ||| INVOKING Heroism.
 14687 | Lair:5   | 14687 ||| STAIRDANCE
 14721 | Lair:5   | 14721 ||| Stepping ~*~*~tactically~*~*~ (stealth).
 14761 | Lair:5   | 14761 ||| Stepping ~*~*~tactically~*~*~ (stealth).
 14782 | Lair:5   | 14782 ||| INVOKING Heroism.
 14785 | Lair:5   | 14785 ||| Stepping ~*~*~tactically~*~*~ (stealth).
 14805 | Lair:5   | Reached skill level 14 in Axes
 14809 | Lair:5   | 14809 ||| INVOKING Heroism.
 14837 | Lair:5   | 14837 ||| INVOKING Heroism.
 14887 | Lair:5   | 14887 ||| INVOKING Heroism.
 14888 | Lair:5   | 14888 ||| INVOKING Finesse.
 14908 | Lair:5   | Received a gift from Okawaru
 15014 | Lair:5   | 15014 ||| INVOKING Heroism.
 15050 | Lair:5   | 15050 ||| INVOKING Heroism.
 15058 | Lair:5   | Reached skill level 6 in Throwing
 15085 | Lair:5   | 15085 ||| INVOKING Heroism.
 15102 | Lair:5   | Identified the +0 cloak of the Monk {Dex+3} (Okawaru gifted
                  | it to you on level 5 of the Lair of Beasts)
 15102 | Lair:5   | Received a gift from Okawaru
 15142 | Lair:5   | 15142 ||| INVOKING Finesse.
 15143 | Lair:5   | 15143 ||| INVOKING Heroism.
 15144 | Lair:5   | 15144 ||| Stepping ~*~*~tactically~*~*~ (stealth).
 15166 | Lair:5   | Gained mutation: Your large and strong wings let you fly.
                  | [Gargoyle growth]
 15166 | Lair:5   | Reached XP level 14. HP: 90/90 MP: 15/21
 15186 | Lair:5   | 15186 ||| INVOKING Finesse.
 15414 | Lair:5   | 15414 ||| INVOKING Heroism.
 15435 | Lair:5   | Reached skill level 12 in Fighting
 15475 | Lair:5   | 15475 ||| Stepping ~*~*~tactically~*~*~ (stealth).
 15506 | Lair:5   | 15506 ||| Stepping ~*~*~tactically~*~*~ (stealth).
 15577 | Lair:5   | 15577 ||| INVOKING Heroism.
 15578 | Lair:5   | 15578 ||| INVOKING Finesse.
 15580 | Lair:5   | 15580 ||| SWAPPING to +1 demon whip of venom.
 15584 | Lair:5   | 15584 ||| SWAPPING to +4 vampiric hand axe.
 15645 | Lair:5   | 15645 ||| INVOKING Heroism.
 15665 | Lair:5   | Reached skill level 3 in Dodging
 15665 | Lair:5   | 15665 ||| INVOKING Finesse.
 15716 | Lair:5   | Reached skill level 12 in Armour
 15720 | Lair:5   | Received a gift from Okawaru
 15758 | Lair:5   | 15758 ||| INVOKING Heroism.
 15762 | Lair:5   | 15762 ||| DROPPING +1 demon whip of venom.
 15791 | Lair:5   | Found a viscous altar of Jiyva.
 15792 | Lair:5   | Found a staircase to the Slime Pits.
 15812 | Lair:5   | 15812 ||| Stepping ~*~*~tactically~*~*~ (stealth).
 16200 | Lair:5   | 16200 ||| PLANNING D:1-11
 16200 | Lair:5   | 16200 ||| DROPPING +0 cloak of the Monk {Dex+3}.
 16201 | Lair:5   | 16201 ||| UPGRADING to +2 buckler.
 16211 | Lair:5   | 16211 ||| DROPPING +0 buckler.
 16212 | Lair:5   | 16212 ||| READING scroll labelled HEFFUU DUSKU.
 16213 | Lair:5   | 16213 ||| READING 8 scrolls of identify.
 16213 | Lair:5   | 16213 ||| IDENTIFYING viscous orange potion
 16214 | Lair:5   | 16214 ||| DROPPING potion of ambrosia.
 16364 | D:9      | 16364 ||| INVOKING Heroism.
 16392 | D:9      | Noticed Maurice
 16407 | D:9      | Killed Maurice
 16422 | D:9      | 16422 ||| INVOKING Heroism.
 16512 | D:9      | 16512 ||| READING scroll of enchant armour.
 16512 | D:9      | 16512 ||| ENCHANTING +0 plate armour.
 16692 | D:9      | 16692 ||| Stepping ~*~*~tactically~*~*~ (hiding).
 16695 | D:9      | 16695 ||| INVOKING Heroism.
 16712 | D:9      | HP: 4/92 [molten gargoyle/bolt of magma (23)]
 16713 | D:9      | 16713 ||| READING 9 scrolls of teleportation.
 16714 | D:9      | 16714 ||| DRINKING 3 potions of heal wounds.
 16715 | D:9      | 16715 ||| DRINKING 2 potions of heal wounds.
 17080 | D:9      | 17080 ||| UPGRADING to +0 kite shield.
 17090 | D:9      | 17090 ||| DROPPING +2 buckler.
 17121 | D:10     | Entered Level 10 of the Dungeon
 17224 | D:10     | Found a blossoming altar of Fedhas.
 17318 | D:10     | 17318 ||| Stepping ~*~*~tactically~*~*~ (hiding).
 17319 | D:10     | 17319 ||| Stepping ~*~*~tactically~*~*~ (hiding).
 17322 | D:10     | 17322 ||| INVOKING Heroism.
 17384 | D:10     | Found Ysechuch's Magic Scroll Shop.
 17388 | D:10     | 17388 ||| BUYING scroll of identify (24 gold).
 17388 | D:10     | Bought a scroll of identify for 24 gold pieces
 17388 | D:10     | 17388 ||| BUYING scroll of identify (24 gold).
 17388 | D:10     | Bought a scroll of identify for 24 gold pieces
 17388 | D:10     | 17388 ||| BUYING scroll of identify (24 gold).
 17388 | D:10     | Bought a scroll of identify for 24 gold pieces
 17388 | D:10     | 17388 ||| BUYING scroll of teleportation (36 gold).
 17388 | D:10     | Bought a scroll of teleportation for 36 gold pieces
 17388 | D:10     | 17388 ||| BUYING scroll of teleportation (36 gold).
 17388 | D:10     | Bought a scroll of teleportation for 36 gold pieces
 17540 | D:10     | 17540 ||| Stepping ~*~*~tactically~*~*~ (hiding).
 17541 | D:10     | 17541 ||| Stepping ~*~*~tactically~*~*~ (hiding).
 17718 | D:10     | 17718 ||| DROPPING amulet of regeneration.
 17751 | D:11     | 17751 ||| Stepping ~*~*~tactically~*~*~ (hiding).
 17753 | D:11     | 17753 ||| Stepping ~*~*~tactically~*~*~ (stealth).
 17756 | D:11     | 17756 ||| INVOKING Heroism.
 17829 | D:11     | Noticed Harold
 17830 | D:11     | 17830 ||| Stepping ~*~*~tactically~*~*~ (hiding).
 17836 | D:11     | 17836 ||| Stepping ~*~*~tactically~*~*~ (hiding).
 17849 | D:11     | Killed Harold
 17854 | D:11     | 17854 ||| FLEEEEING.
 17855 | D:11     | 17855 ||| FLEEEEING.
 17856 | D:11     | 17856 ||| FLEEEEING.
 17857 | D:11     | 17857 ||| FLEEEEING.
 17858 | D:11     | 17858 ||| FLEEEEING.
 17864 | D:11     | 17864 ||| FLEEEEING.
 17865 | D:11     | 17865 ||| FLEEEEING.
 17866 | D:11     | 17866 ||| FLEEEEING.
 17867 | D:11     | 17867 ||| FLEEEEING.
 17868 | D:11     | 17868 ||| FLEEEEING.
 17869 | D:11     | 17869 ||| FLEEEEING.
 17872 | D:11     | 17872 ||| FLEEEEING.
 17873 | D:11     | 17873 ||| FLEEEEING.
 17874 | D:11     | 17874 ||| FLEEEEING.
 17875 | D:11     | 17875 ||| FLEEEEING.
 17876 | D:11     | 17876 ||| FLEEEEING.
 17877 | D:11     | 17877 ||| FLEEEEING.
 17878 | D:11     | 17878 ||| FLEEEEING.
 17879 | D:11     | 17879 ||| FLEEEEING.
 17880 | D:11     | 17880 ||| FLEEEEING.
 17882 | D:11     | 17882 ||| STAIRDANCE
 18000 | D:11     | 18000 ||| STAIRDANCE
 18084 | D:11     | 18084 ||| Stepping ~*~*~tactically~*~*~ (hiding).
 18095 | D:11     | Reached skill level 9 in Shields
 18128 | D:11     | Found a frozen archway.
 18345 | D:11     | Noticed Snorg
 18346 | D:11     | 18346 ||| INVOKING Heroism.
 18347 | D:11     | 18347 ||| INVOKING Finesse.
 18364 | D:11     | Killed Snorg
 18439 | D:11     | 18439 ||| INVOKING Heroism.
 18440 | D:11     | 18440 ||| INVOKING Finesse.
 18547 | D:11     | 18547 ||| PLANNING D
 18584 | D:12     | Received a gift from Okawaru
 18603 | D:12     | 18603 ||| INVOKING Heroism.
 18649 | D:12     | Reached XP level 15. HP: 97/97 MP: 22/22
 18653 | D:12     | 18653 ||| Stepping ~*~*~tactically~*~*~ (stealth).
 18657 | D:12     | Found a staircase to the Orcish Mines.
 18669 | D:12     | Found a portal to a secret trove of treasure.
 18697 | D:12     | Identified the +1 plate armour of Pan-Flutes {rF+ rC- Dex+3
                  | Stlth+} (Okawaru gifted it to you on level 12 of the
                  | Dungeon)
 18697 | D:12     | Received a gift from Okawaru
 18739 | D:12     | 18739 ||| Stepping ~*~*~tactically~*~*~ (hiding).
 19000 | D:12     | Noticed Frances
 19001 | D:12     | 19001 ||| INVOKING Heroism.
 19002 | D:12     | 19002 ||| INVOKING Finesse.
 19038 | D:12     | Killed Frances
 19190 | D:12     | 19190 ||| DROPPING +2 cloak.
 19191 | D:12     | 19191 ||| UPGRADING to +1 plate armour of Pan-Flutes {rF+
                  | rC- Dex+3 Stlth+}.
 19201 | D:12     | 19201 ||| READING scroll labelled DEOKIR UXKOY.
 19456 | D:13     | 19456 ||| INVOKING Heroism.
 19488 | D:13     | Reached skill level 12 in Shields
 19807 | D:13     | Found a gate to the Vaults.
 19811 | D:13     | 19811 ||| INVOKING Heroism.
 20137 | D:14     | 20137 ||| INVOKING Heroism.
 20138 | D:14     | 20138 ||| INVOKING Finesse.
 20281 | D:14     | 20281 ||| INVOKING Heroism.
 20317 | D:14     | You are sucked into a shaft and drop 1 floor!
 20317 | D:15     | Entered Level 15 of the Dungeon
 20354 | D:14     | 20354 ||| INVOKING Heroism.
 20372 | D:14     | Received a gift from Okawaru
 20444 | D:14     | 20444 ||| SWAPPING to +2 broad axe of venom.
 20445 | D:14     | 20445 ||| DROPPING +4 vampiric hand axe.
 20446 | D:14     | 20446 ||| DROPPING +0 war axe.
 20447 | D:14     | 20447 ||| READING scroll of brand weapon.
 20447 | D:14     | 20447 ||| BRANDING +2 broad axe of venom.
 20630 | D:14     | 20630 ||| INVOKING Heroism.
 20733 | D:14     | 20733 ||| INVOKING Heroism.
 20929 | D:14     | 20929 ||| READING scroll of acquirement.
 20929 | D:14     | 20929 ||| ACQUIRING +6 ring of strength
 20929 | D:14     | Acquired a +6 ring of strength
 20931 | D:14     | 20931 ||| DROPPING ring "Qagrohi" {Wiz rPois Str-5 Dex+4
                  | SInv}.
 21084 | D:14     | 21084 ||| DROPPING ring of willpower.
 21085 | D:14     | 21085 ||| DROPPING +6 ring of dexterity.
 21308 | D:15     | 21308 ||| INVOKING Heroism.
 21476 | D:15     | 21476 ||| FLEEEEING.
 21477 | D:15     | 21477 ||| FLEEEEING.
 21478 | D:15     | 21478 ||| FLEEEEING.
 21577 | D:15     | 21577 ||| Stepping ~*~*~tactically~*~*~ (stealth).
 21583 | D:15     | 21583 ||| Stepping ~*~*~tactically~*~*~ (stealth).
 21584 | D:15     | 21584 ||| Stepping ~*~*~tactically~*~*~ (stealth).
 21585 | D:15     | 21585 ||| Stepping ~*~*~tactically~*~*~ (stealth).
 21674 | D:15     | 21674 ||| Stepping ~*~*~tactically~*~*~ (stealth).
 21681 | D:15     | Identified the +8 chain mail "Garoakiw" {rPois rC- Str+3
                  | Int+8} (Okawaru gifted it to you on level 15 of the
                  | Dungeon)
 21681 | D:15     | Received a gift from Okawaru
 21683 | D:15     | 21683 ||| INVOKING Heroism.
 21955 | D:15     | Noticed Jorgrun
 21956 | D:15     | 21956 ||| INVOKING Heroism.
 21960 | D:15     | 21960 ||| INVOKING Finesse.
 21970 | D:15     | Killed Jorgrun
 22052 | D:15     | 22052 ||| Stepping ~*~*~tactically~*~*~ (stealth).
 22296 | D:15     | Reached skill level 15 in Axes
 22438 | D:15     | Found Zihait's Distillery.
 22446 | D:15     | 22446 ||| Stepping ~*~*~tactically~*~*~ (hiding).
 22448 | D:15     | 22448 ||| BUYING potion of attraction (33 gold).
 22448 | D:15     | Bought a potion of attraction for 33 gold pieces
 22448 | D:15     | 22448 ||| BUYING potion of attraction (33 gold).
 22448 | D:15     | Bought a potion of attraction for 33 gold pieces
 22448 | D:15     | 22448 ||| BUYING potion of cancellation (88 gold).
 22448 | D:15     | Bought a potion of cancellation for 88 gold pieces
 22448 | D:15     | 22448 ||| BUYING potion of curing (33 gold).
 22448 | D:15     | Bought a potion of curing for 33 gold pieces
 22448 | D:15     | 22448 ||| BUYING potion of heal wounds (55 gold).
 22448 | D:15     | Bought a potion of heal wounds for 55 gold pieces
 22448 | D:15     | 22448 ||| BUYING potion of might (44 gold).
 22448 | D:15     | Bought a potion of might for 44 gold pieces
 22448 | D:15     | 22448 ||| BUYING potion of might (44 gold).
 22448 | D:15     | Bought a potion of might for 44 gold pieces
 22448 | D:15     | 22448 ||| BUYING potion of resistance (110 gold).
 22448 | D:15     | Bought a potion of resistance for 110 gold pieces
 22449 | D:15     | 22449 ||| INVOKING Heroism.
 22467 | D:15     | Reached XP level 16. HP: 92/104 MP: 23/23
 22480 | D:15     | 22480 ||| INVOKING Heroism.
 22582 | D:15     | 22582 ||| Stepping ~*~*~tactically~*~*~ (hiding).
 22586 | D:15     | 22586 ||| INVOKING Heroism.
 22689 | D:15     | Found a staircase to the Depths.
 22864 | D:15     | 22864 ||| PLANNING ORC
 22864 | D:15     | 22864 ||| UPGRADING to +8 chain mail "Garoakiw" {rPois rC-
                  | Str+3 Int+8}.
 22874 | D:15     | 22874 ||| UPGRADING to scarf of resistance.
 22967 | Orc:1    | Entered Level 1 of the Orcish Mines
 22968 | Orc:1    | 22968 ||| INVOKING Heroism.
 22996 | Orc:1    | 22996 ||| Stepping ~*~*~tactically~*~*~ (hiding).
 23023 | Orc:1    | 23023 ||| INVOKING Heroism.
 23219 | Orc:1    | 23219 ||| INVOKING Heroism.
 23234 | Orc:1    | Reached skill level 16 in Axes
 23469 | Orc:2    | Entered Level 2 of the Orcish Mines
 23470 | Orc:2    | 23470 ||| INVOKING Heroism.
 23581 | Orc:2    | 23581 ||| INVOKING Heroism.
 23582 | Orc:2    | Noticed Donald
 23597 | Orc:2    | HP: 14/104 [Donald/+2 scimitar of protection (32)]
 23598 | Orc:2    | 23598 ||| READING 13 scrolls of teleportation.
 23598 | Orc:2    | Demolished by Donald

Levels and vault maps discovered:
D:1:      nicolae_arrival_somewhat_less_tricky_arrival, layout_loops_ring,
          minmay_misc_feat_tiny
D:2:      layout_rooms, serial_shops, nicolae_shop_bloodbath_and_beyond,
          basic_altar
D:3:      layout_loops_ring, minmay_overflow_temple_star_quad,
          mainiacjoe_overflow_paths, uniq_ijyb, uniq_jessica
D:4:      layout_loops_cross, nicolae_ru_path_of_blood, serial_shops, shop,
          chequers_serial_rivers_marsh, serial_bayou_ford_a,
          minmay_pentomino_pile, uniq_natasha, uniq_duvessa
D:5:      layout_basic, minmay_temple_entry_wispy, serial_demonic,
          serial_demonic_b, serial_demonic_c, serial_demonic_e,
          serial_demonic_g, serial_demonic_a, serial_demonic_g,
          serial_demonic_f, uniq_crazy_yiuf_cottage, uniq_sigmund
D:6:      layout_loops_ring, nicolae_specific_store
D:7:      layout_rooms, mainiacjoe_overflow_alcove_4, dk_rats_in_the_wall
D:8:      layout_basic, lemuel_round_altar, erik_lair_orcish_takeover,
          enter_bailey_4, uniq_pikel
D:9:      layout_big_octagon, reono_crystal_passage, minivault_8, uniq_maurice
D:10:     layout_cave_pools, mainiacjoe_overflow_24_doors, serial_shops,
          shop_scrolls, corexii_leaking_fountain,
          hangedman_abyss_or_decor_stagger
D:11:     layout_gridville, portal_ice_cave_rime, kennysheep_minor_cross,
          uniq_harold, uniq_snorg
D:12:     layout_rooms, zombieorc2_lemuel, enter_trove_2, uniq_frances
D:13:     layout_irregular_city, david_vaults_2,
          minmay_fractal_squares_diagonal_5
D:14:     layout_long_grid, minivault_27
D:15:     grunt_enter_depths_hoard, layout_stronghold, roderic_three_in_a_row,
          serial_shops, nicolae_shop_waterfront, uniq_jorgrun
Temple:   nicolae_temple_two_arcs
Lair:1:   minmay_lair_oklob_chamber, layout_gridlike, enter_volcano_3,
          uniq_erica
Lair:2:   layout_cave_pods, minmay_shoals_entry_centaurs, serial_bayou,
          serial_bayou_pond_e, serial_bayou_shore_b, serial_bayou_pond_a,
          serial_bayou_pond_c, uniq_amaemon
Lair:3:   gammafunk_worm_tunnel, layout_cave_shapes,
          minmay_snake_entry_guardpost_small, gauntlet_entry_generic,
          gammafunk_ghost_berserking_beasts
Lair:4:   layout_gridlike
Lair:5:   minmay_lair_end_enchanted_forest, layout_regular_city,
          nicolae_slime_entry_slimehenge, infiniplex_staircase_pool_2
Orc:1:    layout_caves
Orc:2:    grunt_orc_tribal_feast, layout_caves, hellmonk_ghost_happy_afterlife,
          rock_pile, uniq_donald

Skill      XL: |  1  2  3  4  5  6  7  8  9 10 11 12 13 14 15 16 |
---------------+-------------------------------------------------+-----
Axes           | 2 3 4 5 6 7 8 9 10 11 12 14 15 16 | 16.0
Fighting       | 4 5 6 7 8 9 10 11 12 13 | 13.0
Armour         | 4 5 6 8 9 10 12 | 12.0
Throwing       | 2 3 5 6 7 |  7.0
Dodging        | 1 2 3 4 |  4.1
Shields        | 4 5 6 7 10 13 | 13.1
Invocations    | 3 4 8 10 | 10.0

Action                   |  1- 3 |  4- 6 |  7- 9 | 10-12 | 13-15 | 16-18 || total
-------------------------+-------+-------+-------+-------+-------+-------++-------
Melee: War axe           |    97 |    97 |   370 |   516 |       |       ||  1080
       Hand axe          |       |       |       |     7 |   874 |       ||   881
       Demon whip        |       |       |       |       |    12 |       ||    12
       Broad axe         |       |       |       |       |   106 |   155 ||   261
Throw: Boomerang         |       |    32 |    49 |     7 |    44 |     3 ||   135
       Javelin           |       |       |     4 |    56 |   139 |     6 ||   205
Invok: Heroism           |       |       |     1 |    29 |    37 |     7 ||    74
       Finesse           |       |       |       |     2 |    13 |       ||    15
  Use: Scroll            |     7 |     2 |     8 |     7 |     9 |     1 ||    34
       Potion            |     1 |     1 |       |     2 |     2 |       ||     6
 Stab: Confused          |       |       |       |       |       |     2 ||     2
       Paralysed         |       |       |       |       |       |     1 ||     1
Armor: Scale mail        |    60 |    18 |       |       |       |       ||    78
       Plate armour      |       |    27 |   335 |   291 |   450 |    11 ||  1114
       Chain mail        |       |       |       |       |       |    23 ||    23
Dodge: Dodged            |    39 |    21 |   107 |   126 |   258 |    29 ||   580
Block: Buckler           |    21 |    17 |   139 |   232 |   167 |       ||   576
       Reflection        |       |       |     4 |     6 |    34 |     6 ||    50
       Kite shield       |       |       |       |       |   394 |   120 ||   514

Table legend:
 A = Non-vault XP
 B = Vault XP
 C = Vault XP percentage of total XP
 D = Non-vault monster count
 E = Vault monster count
 F = Vault count percentage of total count
                 A         B        C        D         E       F
            +---------+---------+-------+---------+---------+-------
      Total |  104244 |   38362 |  26.9 |     515 |     194 |  27.4
            +---------+---------+-------+---------+---------+-------
        D:1 |      28 |       0 |   0.0 |      20 |       0 |   0.0
        D:2 |      33 |       0 |   0.0 |      12 |       0 |   0.0
        D:3 |     177 |      76 |  30.0 |      28 |       2 |   6.7
        D:4 |     310 |     257 |  45.3 |      15 |       6 |  28.6
        D:5 |     722 |     335 |  31.7 |      23 |       9 |  28.1
        D:6 |     904 |       0 |   0.0 |      23 |       0 |   0.0
        D:7 |    1226 |     137 |  10.1 |      14 |      24 |  63.2
        D:8 |    1568 |    1332 |  45.9 |      17 |      12 |  41.4
        D:9 |    1217 |    2242 |  64.8 |      23 |       5 |  17.9
       D:10 |    1299 |       0 |   0.0 |      13 |       0 |   0.0
       D:11 |    2236 |    2563 |  53.4 |      10 |       4 |  28.6
       D:12 |    5306 |    2762 |  34.2 |      17 |      37 |  68.5
       D:13 |    4616 |    7308 |  61.3 |       8 |      15 |  65.2
       D:14 |   14926 |       0 |   0.0 |      37 |       0 |   0.0
       D:15 |   13674 |    3672 |  21.2 |      28 |       3 |   9.7
     Lair:1 |    8857 |    1125 |  11.3 |      30 |       3 |   9.1
     Lair:2 |    3547 |    1437 |  28.8 |      19 |       4 |  17.4
     Lair:3 |    6447 |     642 |   9.1 |      20 |       4 |  16.7
     Lair:4 |    6373 |       0 |   0.0 |      17 |       0 |   0.0
     Lair:5 |   23622 |    8275 |  25.9 |      63 |      51 |  44.7
      Orc:1 |    5657 |       0 |   0.0 |      56 |       0 |   0.0
      Orc:2 |    1499 |     825 |  35.5 |      22 |       4 |  15.4
   Gauntlet |       0 |    5374 | 100.0 |       0 |      11 | 100.0
            +---------+---------+-------+---------+---------+-------
